 Dungeon Crawl Stone Soup version 0.19-a0-214-g62d10c9 (webtiles) character file.

207 nubinia the Conjurer (level 5, -7/40 HPs)
             Began as a Draconian Conjurer on May 24, 2016.
             Killed by divine providence
             ... invoked by an orc priest
              (9 damage)
             ... on level 4 of the Dungeon.
             The game lasted 00:19:55 (4018 turns).

nubinia the Conjurer (Draconian Conjurer)           Turns: 4018, Time: 00:19:55

Health: -7/40      AC:  5    Str: 11    XL:     5   Next: 54%
Magic:  0/9        EV: 12    Int: 16    God:
Gold:   83         SH:  0    Dex: 11    Spells: 3 memorised, 1 level left

rFire  . . .     SeeInvis +     b - +0 blowgun
rCold  . . .     Gourm    .     (armour unavailable)
rNeg   . . .     Faith    .     (no shield)
rPois  .         Spirit   .     (helmet restricted)
rElec  .         Dismiss  .     (no cloak)
rCorr  .         Reflect  .     (no gloves)
SustAt .         Harm     .     (no boots)
MR     .....                    (no amulet)
Stlth  ++........               (no ring)
                                q - ring of see invisible

@: very slightly contaminated, not resistant to hostile enchantments, unstealthy
A: unfitting armour, cold-blooded, AC +5
a: no special abilities


You were on level 4 of the Dungeon.
You were not hungry.

You visited 1 branch of the dungeon, and saw 4 of its levels.

You collected 83 gold pieces.

Inventory:

Hand Weapons
 a - a +0 short sword
 b - a +0 blowgun (weapon)
Missiles
 o - 15 poisoned needles (quivered)
Jewellery
 q - a ring of see invisible (left hand)
Scrolls
 d - a scroll of teleportation
 f - a scroll of fear
 g - a scroll of random uselessness {unknown}
 i - a scroll of enchant armour {unknown}
 k - a scroll of magic mapping {unknown}
Potions
 e - 2 potions of cure mutation {unknown}
 h - 2 potions of flight
 j - a potion of lignification
Books
 c - a book of Conjurations

   Spells                             Type                      Level
   a - Magic Dart                     Conjuration                  1
   b - Searing Ray                    Conjuration                  2
   c - Dazzling Spray                 Conjuration/Hexes            3
   d - Fulminant Prism                Conjuration/Hexes            4
   e - Iskenderun's Mystic Blast      Conjuration                  4
   f - Iskenderun's Battlesphere      Conjuration/Charms           5
Comestibles
 l - a meat ration
 n - a bread ration
 p - a chunk of flesh


   Skills:
 - Level 1.0 Fighting
 - Level 1.1 Short Blades
 - Level 2.1 Dodging
 - Level 2.5 Stealth
 - Level 3.0 Spellcasting
 - Level 5.0 Conjurations
 + Level 1.7 Charms


You had one spell level left.
You knew the following spells:

 Your Spells              Type           Power        Failure   Level  Hunger
a - Magic Dart            Conj           ###.         2%          1    #......
b - Dazzling Spray        Conj/Hex       ##....       21%         3    ###....
c - Iskenderun's Battles  Conj/Chrm      ##......     96%         5    ######.


Dungeon Overview and Level Annotations

Branches:
Dungeon (4/15)
 Temple: D:4-7

Altars:
Dithmenos
Gozag
Kikubaaqudgha
Makhleb
Pakellas
Ru
Trog
Ukayaw
Yredelemnul
Zin
The Shining One

Annotations:
D:2 Sigmund
D:3 1 exclusion, namelastname112's ghost, amateur DrGl
D:4 exclusion: orc wizard


Innate Abilities, Weirdness & Mutations

Your plain brown scales are hard (AC +5).
Your body does not fit into most forms of armour.
You are cold-blooded and may be slowed by cold attacks.


Message History

Unknown command.
Casting: Magic Dart
Confirm with . or Enter, or press ? or * to list all spells.
Aiming: Magic Dart
Press: ? - help, Shift-Dir - straight line, f/p - orc priest
Aim: an orc priest, wielding a short sword of venom and wearing a ring mail (moderately wounded)
You miscast Magic Dart.
Wisps of smoke drift from your hands.
You are too injured to fight recklessly!
Firing (i - inventory):
o - 16 poisoned needles (quivered)
Press: ? - help, Shift-Dir - straight line, f/p - orc priest
Aim: an orc priest, wielding a short sword of venom and wearing a ring mail (moderately wounded)
You shoot a poisoned needle.
The poisoned needle closely misses the orc wizard.
The poisoned needle hits the orc priest.
The orc priest is moderately wounded.
The orc wizard gestures at you while chanting.
The magic dart hits you!
The orc priest calls down the wrath of Beogh upon you.
Beogh smites you!
You die...

######.o.....# #.##..#.#
##.###### #.###.#.# #.#
#.# #.#.# #.# #.###.#.#
##'## #.......# ##...##
#####.### ##.(...##
#.......# ##.......##
#..##.#.#
###.........####@....#.#
..'...(....([oo.....##.#
###.........####...###.#
##......>## #.......#
##.....########.#####
##........# #.#
#..#####.# #.# #..# #.#
######..#### #.#


You could see an orc priest and an orc wizard.

Vanquished Creatures
  An iguana (D:4)
  2 worker ants (D:4)
  A hound skeleton (D:4)
  3 adders
  A gnoll (D:1)
  An ooze (D:3)
  2 worms
  2 dart slugs
  5 giant geckos
  3 orcs
  3 giant cockroaches (D:1)
  4 hobgoblins
  4 jackals (D:2)
  A quokka (D:2)
  5 bats
  4 giant newts
  10 goblins
  7 kobolds
  9 rats
68 creatures vanquished.

Notes
Turn   | Place    | Note
--------------------------------------------------------------
     0 | D:1      | nubinia the Draconian Conjurer began the quest for the Orb.
     0 | D:1      | Reached XP level 1. HP: 14/14 MP: 3/3
   341 | D:1      | Reached XP level 2. HP: 20/20 MP: 1/5
   883 | D:1      | Reached XP level 3. HP: 24/26 MP: 0/6
   951 | D:1      | Learned a level 3 spell: Dazzling Spray
  1444 | D:2      | Noticed Sigmund
  1905 | D:2      | Reached skill level 5 in Conjurations
  1972 | D:2      | Found a hide-covered altar to Ukayaw.
  2098 | D:2      | Reached XP level 4. HP: 34/34 MP: 2/7
  2236 | D:3      | Noticed namelastname112's ghost (amateur DrGl)
  2868 | D:3      | Found a glowing golden altar of the Shining One.
  2872 | D:3      | Found an oddly glowing altar of Pakellas.
  2876 | D:3      | Found a shadowy altar of Dithmenos.
  2877 | D:3      | Found an ancient bone altar of Kikubaaqudgha.
  2877 | D:3      | Found a bloodstained altar of Trog.
  2877 | D:3      | Found an opulent altar of Gozag.
  2879 | D:3      | Found a basalt altar of Yredelemnul.
  2880 | D:3      | Found a glowing silver altar of Zin.
  2882 | D:3      | Found a sacrificial altar of Ru.
  2886 | D:3      | Found a burning altar of Makhleb.
  3244 | D:2      | You fall through a shaft!
  3322 | D:4      | Reached skill level 1 in Short Blades
  3374 | D:4      | Reached skill level 1 in Fighting
  3468 | D:4      | Reached XP level 5. HP: 39/40 MP: 5/9
  3500 | D:4      | Learned a level 5 spell: Iskenderun's Battlesphere
  3536 | D:4      | Reached skill level 1 in Charms
  4015 | D:4      | HP: 1/40 [orc priest/nerve-wracking pain (4)]
  4018 | D:4      | Killed from afar by an orc priest

Vault maps used:
D:1:      dpeg_arrival_pits
D:2:      lemuel_coloured_pillars_altar, uniq_sigmund
D:3:      minitemple, grunt_ministairs_2

Skill      XL: |  1  2  3  4  5 |
---------------+----------------+-----
Stealth        | 2 |  2.5
Conjurations   | 5 |  5.0
Dodging        | 2 |  2.1
Short Blades   | 1 |  1.1
Fighting       | 1 |  1.0
Spellcasting   | 3 |  3.0
Charms         | 1 |  1.7

Action                   |  1- 3 |  4- 6 || total
-------------------------+-------+-------++-------
Melee: Short sword       |    36 |    44 ||    80
       Tailslap          |       |     2 ||     2
 Fire: Blowgun           |       |    22 ||    22
 Cast: Magic Dart        |    69 |    45 ||   114
       Dazzling Spray    |       |     2 ||     2
  Use: Scroll            |     2 |     3 ||     5
       Potion            |       |     1 ||     1
 Stab: Sleeping          |     3 |     4 ||     7
       Invisible         |       |     1 ||     1
  Eat: Chunk             |     5 |     6 ||    11
Armor: Skin              |     4 |    19 ||    23
Dodge: Dodged            |    16 |    35 ||    51
